 Dungeon Crawl Stone Soup version 0.17.1-2-g5865329 (webtiles) character file.

1537 Jerry the Ducker (level 8, -1/54 HPs)
             Began as an Octopode Wizard on Feb 10, 2016.
             Slain by a centaur (2 damage)
             ... on level 7 of the Dungeon.
             The game lasted 00:53:15 (8210 turns).

Jerry the Ducker (Octopode Wizard)                  Turns: 8210, Time: 00:53:15

Health: -1/54      AC:  3    Str:  8    XL:     8   Next: 86%
Magic:  9/12       EV: 14    Int: 20    God:
Gold:   343        SH:  0    Dex: 11    Spells: 3 memorised, 7 levels left

rFire  . . .     SeeInvis .     C - +2 flail (holy)
rCold  . . .     Clarity  .     (no shield)
rNeg   . . .     SustAt   .     a - +2 hat
rPois  +         Gourm    .     w - amulet of stasis
rElec  .         Spirit   .     t - ring of poison resistance
rCorr  .         Warding  .     y - ring of stealth
rMut   .         Stasis   +     (no ring)
MR     .....                    (no ring)
Stlth  ++++......               (no ring)
                                (no ring)
                                (no ring)
                                (no ring)

@: not resistant to hostile enchantments, stealthy
A: almost no armour, amphibious, 8 rings, constrict 8, camouflage 1, gelatinous
body 1
a: no special abilities


You were on level 7 of the Dungeon.
You were not hungry.

You visited 2 branches of the dungeon, and saw 8 of its levels.

You collected 343 gold pieces.

Inventory:

Hand Weapons
 e - a +0 dagger of venom
 u - a +4 spear
 B - a +0 rapier
 C - a +2 flail of holy wrath (weapon)
Armour
 a - a +2 hat (worn)
Jewellery
 r - an uncursed ring of teleportation
 t - a ring of poison resistance (left tentacle)
 w - an amulet of stasis (around mantle)
 y - a ring of stealth (right tentacle)
 D - an uncursed ring of wizardry {unknown}
Scrolls
 d - a scroll of enchant armour
 l - 6 scrolls of remove curse
 m - a scroll of random uselessness {unknown}
 n - 4 scrolls of amnesia
 v - a scroll of enchant weapon {unknown}
 x - 3 scrolls of fog {unknown}
 A - a scroll of noise {unknown}
 E - a scroll of magic mapping {unknown}
 F - a scroll of fear {unknown}
 G - a scroll of teleportation
 H - 2 scrolls of identify
Potions
 f - a potion of mutation {unknown}
 g - 3 potions of lignification {unknown}
 h - 4 potions of haste {unknown}
 i - a potion of invisibility {unknown}
 j - 4 potions of might {unknown}
 k - 3 potions of agility {unknown}
 o - a potion of curing {unknown}
 p - 2 potions of heal wounds {unknown}
 q - a potion of poison {unknown}
 z - 2 potions of brilliance {unknown}
Books
 b - a book of Minor Magic

   Spells                             Type                      Level
   a - Magic Dart                     Conjuration                  1
   b - Blink                          Translocation                2
   c - Call Imp                       Summoning                    2
   d - Repel Missiles                 Charms/Air                   2
   e - Slow                           Hexes                        2
   f - Conjure Flame                  Conjuration/Fire             3
   g - Mephitic Cloud                 Conjuration/Poison/Air       3
Comestibles
 c - 3 bread rations
 s - 2 slices of pizza
 I - 8 fruits
 J - 2 royal jellies


   Skills:
 + Level 4.8 Fighting
 + Level 2.0 Maces & Flails
 + Level 6.3 Dodging
 - Level 3.2 Stealth
 + Level 3.0 Spellcasting
 - Level 3.0 Conjurations
   Level 1.0 Summonings
 - Level 2.4 Translocations
 - Level 3.0 Air Magic
 - Level 5.2 Poison Magic


You had 7 spell levels left.
You knew the following spells:

 Your Spells              Type           Power        Failure   Level  Hunger
a - Magic Dart            Conj           ###.         4%          1    None
b - Mephitic Cloud        Conj/Pois/Air  ###.....     10%         3    ###....
c - Blink                 Tloc           N/A          10%         2    ##.....


Dungeon Overview and Level Annotations

Branches:
Dungeon (7/15)             Temple (1/1) D:7

Altars:
Cheibriados
Dithmenos
Fedhas
Gozag
Kikubaaqudgha
Makhleb
Nemelex Xobeh
Okawaru
Qazlal
Ru
Sif Muna
Trog
Xom
Yredelemnul
Zin
The Shining One

Shops:
D:5 =


Innate Abilities, Weirdness & Mutations

You cannot wear most types of armour.
You are amphibious.
You can wear up to eight rings at the same time.
You can use your tentacles to constrict eight enemies at once.
Your skin changes colour to match your surroundings (Stealth).
Your rubbery body absorbs attacks (AC +1).


Message History

The centaur barely misses you. The centaur hits you!
* * * LOW HITPOINT WARNING * * *
Cast which spell? (? or * to list)
Aiming: Mephitic Cloud
Press: ? - help, Shift-Dir - straight line The ball explodes into a vile cloud!
The stinking cloud engulfs the centaur.
The centaur is severely wounded.
The centaur misses you. The centaur hits you!
* * * LOW HITPOINT WARNING * * *
Drink which item? (? for menu, Esc to quit)
Okay, then.
Casting: Mephitic Cloud
Confirm with . or Enter, or press ? or * to list all spells.
You cannot teleport because you are wearing an amulet of stasis.
Read which item? (? for menu, Esc to quit)
Okay, then.
You hit the centaur. Your squeeze misses the centaur.
The centaur is almost dead.
The centaur hits you.
You die...

#.(...#####.))## #..>.....#
#.....# ##.## #(#####.##
####### #.# #.......# #.#
######### #.# #.# #[#
###c#### #.@§§§.# #####
#.#§##.#
#...########.#.##.#
#..............##.#########
#...########..............#
####.######
#.....#.###.##.#
..#...#...# ##...##.#
#.##.# ⌠.#.⌠.#.⌠.#
##.###.###.##.# ..#...#...#
#.# #.##..##.#


You could see a centaur.

Vanquished Creatures
  An ice beast (D:4)
  An orc warrior (D:7)
  A black bear (D:7)
  A centaur (D:6)
  2 scorpions
  2 crimson imps (D:6)
  3 hounds
  7 orc wizards
  2 giant frog skeletons
  2 orc priests
  4 centaur skeletons
  2 iguanas (D:7)
  7 worker ants
  A hound skeleton (D:5)
  Robin (D:4)
  A worker ant zombie (D:7)
  3 gnolls (D:6)
  4 adders
  3 oozes
  2 worms
  2 giant geckos
  25 orcs
  8 bats
  14 hobgoblins
  12 jackals
  A ball python (D:1)
  9 giant cockroaches
  A giant gecko skeleton (D:7)
  3 giant newts
  17 goblins
  2 jackal skeletons
  13 kobolds
  5 quokkas
  6 rats
168 creatures vanquished.

Notes
Turn   | Place    | Note
--------------------------------------------------------------
     0 | D:1      | Jerry the Octopode Wizard began the quest for the Orb.
     0 | D:1      | Reached XP level 1. HP: 11/11 MP: 4/4
   215 | D:1      | Reached XP level 2. HP: 17/17 MP: 6/6
   700 | D:1      | Reached XP level 3. HP: 16/21 MP: 7/7
  1515 | D:2      | Learned a level 3 spell: Mephitic Cloud
  2002 | D:2      | Reached XP level 4. HP: 27/27 MP: 2/8
  2289 | D:2      | Reached skill level 1 in Air Magic
  2385 | D:2      | Reached skill level 1 in Poison Magic
  2663 | D:3      | Reached XP level 5. HP: 31/31 MP: 4/9
  3654 | D:4      | Reached XP level 6. HP: 33/36 MP: 4/10
  3682 | D:4      | Noticed an ice beast
  3722 | D:4      | Found a snail-covered altar of Cheibriados.
  3791 | D:4      | Found an iron altar of Okawaru.
  4019 | D:4      | Noticed Robin
  4032 | D:4      | Killed Robin
  4032 | D:4      | Reached skill level 1 in Fighting
  4217 | D:4      | Reached skill level 4 in Dodging
  4217 | D:4      | Reached XP level 7. HP: 39/43 MP: 7/11
  4651 | D:4      | Found a glowing golden altar of the Shining One.
  4939 | D:4      | Killed an ice beast
  5060 | D:5      | Entered Level 5 of the Dungeon
  5141 | D:5      | Found Nidghiwk's Jewellery Emporium.
  5217 | D:5      | Found a shimmering altar of Xom.
  5594 | D:5      | Reached skill level 5 in Dodging
  6061 | D:6      | Reached XP level 8. HP: 52/52 MP: 6/12
  6105 | D:6      | Learned a level 2 spell: Blink
  7148 | D:7      | Reached skill level 1 in Maces & Flails
  7148 | D:7      | Reached skill level 6 in Dodging
  7513 | D:7      | Reached skill level 5 in Poison Magic
  7952 | D:7      | Found a staircase to the Ecumenical Temple.
  7966 | Temple   | Entered the Ecumenical Temple
  8209 | D:7      | HP: 1/54 [centaur (9)]
  8210 | D:7      | Slain by a centaur

Action                   |  1- 3 |  4- 6 |  7- 9 || total
-------------------------+-------+-------+-------++-------
Melee: Dagger            |    55 |    42 |       ||    97
       Spear             |       |    32 |   100 ||   132
       Flail             |       |       |    50 ||    50
 Cast: Magic Dart        |    45 |   107 |    95 ||   247
       Mephitic Cloud    |       |     2 |     8 ||    10
  Use: Scroll            |     6 |     3 |       ||     9
 Stab: Sleeping          |     5 |     2 |     6 ||    13
       Confused          |       |     2 |     4 ||     6
  Eat: Chunk             |     3 |     5 |     7 ||    15
       Bread ration      |       |     1 |     1 ||     2
